 Dungeon Sprint DCSS version 0.17-a0-1210-g1e4f09d (webtiles) character file.

1707 Kidiri the Covert (level 8, -10/46 HPs)
             Began as a Spriggan Assassin on June 3, 2015.
             Was a Follower of Dithmenos.
             Mangled by a centaur warrior (15 damage)
             ... in the Dungeon (Sprint I: "Red Sonja").
             The game lasted 00:05:38 (830 turns).

Kidiri the Covert (Spriggan Assassin)                Turns: 830, Time: 00:05:38

Health: -10/46     AC:  3    Str:  7    XL:     8   Next: 73%
Magic:  9/9        EV: 30    Int: 12    God:    Dithmenos [*.....]
Gold:   356        SH:  0    Dex: 20    Spells: 0 memorised, 7 levels left

rFire  . . .     SeeInvis +     a - +2 dagger
rCold  . . .     Clarity  .     c - +0 robe
rNeg   . . .     SustAt   .     (shield restricted)
rPois  .         Gourm    .     (helmet restricted)
rElec  .         Spirit   .     d - +0 cloak
rCorr  .         Warding  .     (gloves unavailable)
rMut   .         NoTele   +     (boots unavailable)
MR     +....                    (no amulet)
Stlth  ++++++++..               (no ring)
                                (no ring)

@: wreathed by umbra, very quick, somewhat resistant to hostile enchantments,
extraordinarily stealthy
A: unfitting armour, see invisible, herbivore 3, speed 3, slow metabolism 2
a: Renounce Religion


You were in the Dungeon.
You worshipped Dithmenos.
Dithmenos was aware of your devotion.
You were not hungry.

You visited 1 branch You collected 636 gold pieces.
You spent 280 gold pieces at shops.

Inventory:

Hand weapons
 a - a +2 dagger (weapon)
 b - a +0 blowgun
 i - a +0 dagger of distortion
Missiles
 e - 2 poisoned needles
Armour
 c - a +0 robe (worn)
 d - a +0 cloak (worn)
Scrolls
 m - 2 scrolls of blinking
 o - a scroll of fear
 p - a scroll of identify
 q - a scroll of magic mapping
 r - a scroll of random uselessness
Potions
 h - 2 potions of curing
 j - a potion of haste
 k - 2 potions of magic
 l - a potion of berserk rage
Books
 s - a Fen Folio

   Spells                             Type                      Level
   a - Corpse Rot                     Necromancy                   2
   b - Stone Arrow                    Conjuration/Earth            3
   c - Leda's Liquefaction            Hexes/Earth                  4
   d - Summon Forest                  Summoning/Translocation      5
   e - Hydra Form                     Transmutation                6
   f - Summon Hydra                   Summoning                    7
Comestibles
 g - a bread ration
 n - a royal jelly


   Skills:
 * Level 7.6 Fighting
 * Level 9.6 Short Blades
 * Level 9.9 Throwing
 * Level 12.2 Dodging
 * Level 14.2 Stealth


You had 7 spell levels left.
You didn't know any spells.

Dungeon Overview and Level Annotations

Branches:
Dungeon (1/1)

Altars:
Cheibriados
Dithmenos
Elyvilon
Fedhas
Gozag
Kikubaaqudgha
Makhleb
Nemelex Xobeh
Okawaru
Qazlal
Ru
Sif Muna
Trog
Vehumet
Xom
Yredelemnul
Zin
The Shining One
Jiyva

Shops:
D ?%[


Innate Abilities, Weirdness & Mutations

You are tiny and cannot use many weapons and most armour.
You have supernaturally acute eyesight.
You are a herbivore.
You cover ground extremely quickly.
You need consume almost no food.


Message History

Wield which item (- for none, * to show all)? (? for menu, Esc to quit)
a - a +2 dagger (weapon)
The centaur warrior unwields an uncursed shortbow.
The centaur warrior barely misses you.
You hit the centaur warrior.
The centaur warrior is heavily wounded.
You closely miss the centaur warrior.
The centaur warrior is heavily wounded.
The centaur warrior completely misses you.
You barely miss the centaur warrior.
The centaur warrior is severely wounded.
You hit the centaur warrior.
The centaur warrior is severely wounded.
The centaur warrior misses you.
You hit the centaur warrior.
The centaur warrior is severely wounded.
You hit the centaur warrior.
The centaur warrior is severely wounded.
The centaur warrior hits you!
You die...

######################*******
#<.#..'..#.)'..#__#..+,,,*,,*
#..'..#..'..#..'..'..#,,,**+*
#..#####'#####'#__####,,,+,,*
#..####..#...#.####§§#****,,+
#.)#__####..##.#≈≈§§§#,,**+**
#.)#_..__##'#(.+≈§§§.+,,*,,,,
#⌠⌠#_.∩...'(.._#§§(§c*,,*,,,,
####_..._##_@#'##c###**+***,,
*,,#_____###c#%#§..(###,+,*,,
############(####c###[##*,*,,
#∩^.......'..(+.(...'.∩#*,*,,
###++++####(..##########*,**+
*,,,,,,,**##.##*,,,,,,,**,**,
*,,,,,,,,*,#+#,*,,,,,,,,+,***
*,,*,,,,,*,,,,,*+++******,*,,
*,,,,,,,,*,,,,,*,,,,,,,,*,***


You could see a centaur warrior.

Vanquished Creatures
  Sonja (D)
  A deep troll (D)
  A slime creature (D)
  Sigmund (D)
  A yak (D)
  An ogre (D)
  Ijyb (D)
  A jelly (D)
8 creatures vanquished.

Notes
Turn   | Place    | Note
--------------------------------------------------------------
     0 | D        | Kidiri the Spriggan Assassin began the quest for the Orb.
     0 | D        | Reached XP level 1. HP: 10/10 MP: 2/2
     5 | D        | Noticed Ijyb
    20 | D        | Killed Ijyb
    20 | D        | Reached skill level 7 in Stealth
    20 | D        | Reached XP level 2. HP: 14/16 MP: 3/3
    67 | D        | Noticed an ogre
    87 | D        | Killed an ogre
    87 | D        | Reached skill level 5 in Throwing
    87 | D        | Reached skill level 8 in Stealth
    87 | D        | Reached XP level 3. HP: 19/21 MP: 4/4
    87 | D        | Reached XP level 4. HP: 22/25 MP: 5/5
   119 | D        | Noticed Sigmund
   122 | D        | Killed Sigmund
   122 | D        | Reached skill level 5 in Short Blades
   122 | D        | Reached skill level 10 in Stealth
   122 | D        | Reached XP level 5. HP: 26/30 MP: 6/6
   122 | D        | Reached XP level 6. HP: 30/35 MP: 7/7
   163 | D        | Found a snail-covered altar of Cheibriados.
   163 | D        | Found a viscous altar of Jiyva.
   163 | D        | Found a shadowy altar of Dithmenos.
   163 | D        | Found a blossoming altar of Fedhas.
   163 | D        | Noticed a slime creature
   166 | D        | Killed a slime creature
   166 | D        | Reached skill level 5 in Fighting
   166 | D        | Reached skill level 11 in Stealth
   168 | D        | Became a worshipper of Dithmenos the Shadowed
   173 | D        | Found a deep blue altar of Sif Muna.
   174 | D        | Noticed a jelly
   175 | D        | Found a radiant altar of Vehumet.
   179 | D        | Killed a jelly
   214 | D        | Found Maimen's Food Emporium.
   214 | D        | Found a white marble altar of Elyvilon.
   214 | D        | Found a stormy altar of Qazlal.
   214 | D        | Found a burning altar of Makhleb.
   214 | D        | Found a sacrificial altar of Ru.
   214 | D        | Found a basalt altar of Yredelemnul.
   214 | D        | Found a glowing golden altar of the Shining One.
   214 | D        | Found a sparkling altar of Nemelex Xobeh.
   214 | D        | Found a shimmering altar of Xom.
   214 | D        | Found an opulent altar of Gozag.
   214 | D        | Found an ancient bone altar of Kikubaaqudgha.
   214 | D        | Found a glowing silver altar of Zin.
   214 | D        | Noticed a yak
   215 | D        | Found an iron altar of Okawaru.
   216 | D        | Killed a yak
   216 | D        | Reached skill level 10 in Dodging
   216 | D        | Reached skill level 12 in Stealth
   216 | D        | Reached XP level 7. HP: 40/40 MP: 8/8
   217 | D        | Found a bloodstained altar of Trog.
   266 | D        | Noticed Sonja
   281 | D        | Killed Sonja
   281 | D        | Reached skill level 13 in Stealth
   281 | D        | Reached XP level 8. HP: 18/46 MP: 9/9
   514 | D        | Found Foateob Geas's Magic Scroll Boutique.
   522 | D        | Bought a scroll of fear for 49 gold pieces
   522 | D        | Bought a scroll of blinking for 105 gold pieces
   522 | D        | Bought a scroll of identify for 28 gold pieces
   522 | D        | Bought a scroll of magic mapping for 49 gold pieces
   600 | D        | Noticed a deep troll
   637 | D        | Killed a deep troll
   637 | D        | Reached skill level 14 in Stealth
   659 | D        | Found Xeser's Armour Emporium.
   664 | D        | Bought a +0 cloak for 49 gold pieces
   795 | D        | Noticed a centaur warrior
   796 | D        | Noticed a centaur warrior
   803 | D        | HP: 2/46 [centaur warrior/arrow (10)]
   830 | D        | Mangled by a centaur warrior

Vault maps used:
D:        dungeon_sprint_1

Action                   |  1- 3 |  4- 6 |  7- 9 || total
-------------------------+-------+-------+-------++-------
Melee: Dagger            |     1 |     4 |    23 ||    28
 Fire: Blowgun           |    11 |       |    25 ||    36
  Use: Scroll            |       |       |     2 ||     2
       Potion            |       |       |     1 ||     1
 Stab: Sleeping          |     1 |     4 |       ||     5
